 Dungeon Crawl Stone Soup version 0.31-a0-848-gaac375c287 (webtiles) character file.

Game seed: 16453609139051697162

60 javelincjr the Changeling (level 3, -1/23 HPs)
             Began as a Demonspawn Shapeshifter on Oct 4, 2023.
             Was a Believer of Hepliaklqana.
             Slain by a centaur (4 damage)
             ... on level 3 of the Dungeon.
             The game lasted 00:05:04 (1650 turns).

javelincjr the Changeling (Demonspawn Shapeshifter) Turns: 1650, Time: 00:05:05

Health: -1/23      AC:  4    Str: 16    XL:     3   Next: 82%
Magic:  3/3        EV: 12    Int: 11    God:    Hepliaklqana [**....]
Gold:   136        SH:  0    Dex: 12    Spells: 1/2 levels left

rFire   . . .        h - +0 spear (heavy)
rCold   . . .        (no shield)
rNeg    . . .        a - +0 animal skin
rPois   .            (helmet currently unavailable)
rElec   .            (cloak currently unavailable)
rCorr   .            (gloves currently unavailable)
SInv    .            (boots currently unavailable)
Will    .....        g - amulet of the acrobat
Stlth   +            (no ring)
HPRegen 0.23/turn    (no ring)
MPRegen 0.08/turn

%: acrobat
@: beast-form
A: beast (slay +2), reduced essence, molten scales 1
a: Begin Untransformation, Renounce Religion, Recall Ancestor, Ancestor Identity


You were on level 3 of the Dungeon.
You worshipped Hepliaklqana.
Hepliaklqana was pleased with you.
You were a hulking beast.
You visited 1 branch of the dungeon, and saw 3 of its levels.

You collected 136 gold pieces.

Inventory:

Hand Weapons
 h - a +0 heavy spear (weapon)
Armour
 a - a +0 animal skin (worn)
Jewellery
 g - an amulet of the acrobat (around neck)
Talismans
 c - a beast talisman (active)
 d - a flux talisman
Scrolls
 f - 3 scrolls of teleportation {unknown}
 i - a scroll of noise {unknown}
 j - a scroll of identify {unknown}
 k - a scroll of enchant armour {unknown}
 l - a scroll of enchant weapon {unknown}
Potions
 b - a potion of lignification
 e - a potion of curing {unknown}


   Skills:
 - Level 1.0 Fighting
 - Level 1.7 Dodging
 - Level 2.7 Unarmed Combat
 + Level 4.1 Shapeshifting


You had one spell level left.
You knew the following spells:

 Your Spells              Type           Power      Damage    Failure   Level
a - Foxfire               Conj/Fire      0%         2x1d4     34%         1

Your spell library contained the following spells:

 Spells                   Type           Power      Damage    Failure   Level
 Plasma Beam              Fire/Air       0%         2x1d10    100%        6
 Starburst                Conj/Fire      0%         6d3       100%        6


Dungeon Overview and Level Annotations

Branches:
Dungeon (3/15)

Altars:
Hepliaklqana


Innate Abilities, Weirdness & Mutations

You are a hulking beast.
Your limbs bulge with bestial killing power. (Slay +2)
Your life essence is reduced to manifest your ancestor. (-10% HP)
You are partially covered in molten scales. (AC +2)


Message History

Found a stone staircase leading up.
There is a stone staircase leading up here.
There are monsters nearby!
You reach to attack!
You hit the centaur.
The centaur is moderately wounded.
The centaur wields a +0 orcbow.
The centaur shoots an arrow.
The arrow closely misses you.
The arrow hits Tiberius!
Tiberius is destroyed!
The centaur shoots an arrow.
The arrow hits you!
You barely miss the rat. The rat closely misses you.
The centaur unwields a +0 orcbow.
The centaur closely misses you. The centaur kicks you.
The rat closely misses you.
You barely miss the centaur.
The centaur is moderately wounded.
The centaur hits you.
The centaur kicks you but does no damage.
The centaur closely misses you.
The centaur kicks you but does no damage.
The rat barely misses you. The centaur hits you. The centaur misses you.
The rat barely misses you.
You hit the centaur.
The centaur is heavily wounded.
The centaur barely misses you.
The centaur kicks you but does no damage.
The rat barely misses you. The centaur hits you.
The centaur kicks you but does no damage.
You barely miss the centaur.
The centaur is heavily wounded.
The centaur hits you but does no damage.
The centaur kicks you but does no damage.
The rat closely misses you. The centaur hits you.
* * * LOW HITPOINT WARNING * * *
The centaur barely misses you. The rat barely misses you.
You hit the centaur.
The centaur is heavily wounded.
The centaur barely misses you. The centaur misses you. The centaur hits you.
* * * LOW HITPOINT WARNING * * *
The centaur closely misses you. The rat barely misses you.
The centaur hits you.
You die...

.##.# .#..#
#######...##
..........# ###
#........!#
....#.........#
.......r....#
#..h....#
...)...c....#
<...........#
...#........#
.. ##.........
. ...........
........####
###...##..


You could see a centaur and a rat.

Vanquished Creatures
  An adder (D:2)
  A worm (D:2)
  3 bats
  3 endoplasms
  2 giant cockroaches (D:1)
  A goblin (D:1)
  4 hobgoblins (D:1)
  A jackal (D:2)
  A kobold (D:1)
  A quokka (D:2)
  3 ball pythons
  4 frilled lizards
  2 rats (D:1)
27 creatures vanquished.

Vanquished Creatures (collateral kills)
  An adder (D:2)
  4 ball pythons (D:2)
  An endoplasm (D:2)
  A hobgoblin (D:2)
  2 bats (D:2)
  A frilled lizard (D:2)
  2 kobolds (D:2)
  A rat (D:1)
13 creatures vanquished.

Vanquished Creatures (others)
  A battlemage (D:3)
  2 foxfires (D:2)
3 creatures vanquished.

Grand Total: 43 creatures vanquished

Notes
Turn   | Place    | Note
-------+----------+-------------------------------------------
     0 | D:1      | javelincjr the Demonspawn Shapeshifter began the quest for
                  | the Orb.
     0 | D:1      | Reached XP level 1. HP: 15/15 MP: 1/1
   131 | D:1      | Found a faded altar of an unknown god.
   137 | D:1      | Prayed at the altar of an unknown god.
   137 | D:1      | Became a worshipper of Hepliaklqana the Forgotten
   137 | D:1      | Reached * piety under Hepliaklqana
   155 | D:1      | Reached skill level 3 in Shapeshifting
   179 | D:1      | Gained mutation: You are partially covered in molten
                  | scales. (AC +2) [demonic ancestry]
   179 | D:1      | Reached XP level 2. HP: 15/18 MP: 2/2
   889 | D:2      | Learned a level 1 spell: Foxfire
  1184 | D:2      | Reached XP level 3. HP: 19/23 MP: 3/3
  1401 | D:2      | Reached skill level 4 in Shapeshifting
  1441 | D:2      | Reached ** piety under Hepliaklqana
  1442 | D:2      | Remembered your ancestor Tiberius as a battlemage
  1644 | D:3      | Noticed a centaur
  1650 | D:3      | Slain by a centaur

Illustrated notes

Levels and vault maps discovered:
D:1:      reono_arrival_forest_river, layout_loops_ring,
          shapermc_ecumenical_altar_starsandcircs, grunt_decor_arrowhead
D:2:      kb_forest_paths, layout_basic, basic_altar
D:3:      layout_rooms, serial_co_window_serial, co_window_cross_1,
          co_window_corner_a, co_window_corner_a, co_window_paths_a,
          co_window_paths_b, co_window_of_opportunity_a,
          co_window_of_opportunity_c, co_window_cross_4, co_window_corner_ca,
          co_window_unsneaky_path_e, co_window_2corner, co_window_sun

Skill      XL: |  1  2  3 |
---------------+----------+-----
Shapeshifting  | 3 4 |  4.1
Fighting       | |  1.0
Dodging        | |  1.7
Unarmed Combat | |  2.7

Action                     || total
---------------------------++-------
  Melee: Unarmed           ||    73
         Spear             ||    32
   Cast: Foxfire           ||     2
 Invoke: Ancestor Life: Ba ||     1
 Armour: Animal skin       ||    69
  Dodge: Dodged            ||    85

Table legend: (Time is in decaauts)
 A = Elapsed time spent in this place.
 B = Non-inter-level travel time spent in this place.
 C = Inter-level travel time spent in this place.
 D = Time resting spent in this place.
 E = Time spent auto-exploring this place.
 F = Levels seen in this place.
 G = Mean time per level.
                   A        B        C        D        E       F      G
               +--------+--------+--------+--------+--------+-----+--------+
         Total |   1677 |   1579 |     98 |      0 |   1317 |   3 |  559.0 |
       Dungeon |   1677 |   1579 |     98 |      0 |   1317 |   3 |  559.0 |
               +--------+--------+--------+--------+--------+-----+--------+

Top non-repeatable levels by time:
     D:1: 843 daAuts
     D:2: 824 daAuts
     D:3: 9 daAuts
